 Dungeon Crawl Stone Soup version 0.27-a0-1191-g601b473118 (webtiles) character file.

Game seed: 14986364174153483124

3497 agentchuck the Nimble (level 10, -1/152 HPs)
             Began as a Naga Transmuter on May 24, 2021.
             Was an Initiate of Cheibriados.
             Succumbed to a killer bee's poison
             ... on level 9 of the Dungeon on May 25, 2021.
             The game lasted 00:45:31 (5939 turns).

agentchuck the Nimble (Naga Transmuter)             Turns: 5939, Time: 00:45:33

Health: -1/152     AC:  6    Str: 14 (15) XL:     10   Next: 7%
Magic:  13/16      EV: 12    Int: 19 (22) God:    Cheibriados [......]
Gold:   507        SH:  0    Dex: 12 (13) Spells: 9/17 levels left

rFire    x . .     SeeInvis +     - Unarmed
rCold    + + +     Faith    +   (shield currently unavailable)
rNeg     . . .     Spirit   .   (armour currently unavailable)
rPois    +         Reflect  .   (helmet currently unavailable)
rElec    .         Harm     .   (cloak currently unavailable)
rCorr    +         Rampage  .   (gloves currently unavailable)
Will     +....                  (no barding)
Stlth    ..........             H - amulet of faith {!P}
HPRegen  0.35/turn              I - +6 ring of intelligence
MPRegen  0.15/turn              R - ring of resist corrosion

@: berserking, lethally poisoned (-1 -> -19), ice-form, flying, very slow
A: freezing attack, amphibious, boosted hp, AC +3, large, see invisible,
(deformed body), (poison resistance), (slowness 2), spit poison 1, (naga tail 1)
a: Spit Poison, End Transformation, Renounce Religion, Bend Time


You were on level 9 of the Dungeon.
You worshipped Cheibriados.
Cheibriados was noncommittal.
You were a creature of crystalline ice.
You visited 2 branches of the dungeon, and saw 10 of its levels.

You collected 507 gold pieces.


Innate Abilities, Weirdness & Mutations

You are a creature of crystalline ice.
You have a powerful freezing melee attack.
You are amphibious.
Your maximum health is increased.
Your armour is entirely melded.
You are incapable of wielding weapons or throwing items.
((Your serpentine skin is tough. (AC +3)))
You have supernaturally acute eyesight. (SInv)
((Armour fits poorly on your strangely shaped body.))
((Your system is resistant to poisons. (rPois)))
((You cover ground very slowly.))
You can spit poison.
((You have a snake-like lower body.))


   Skills:
 - Level 4.0 Fighting
 - Level 8.2 Dodging
 - Level 7.0 Unarmed Combat
 - Level 4.1 Spellcasting
 - Level 3.4 Transmutations
 + Level 1.7 Ice Magic
 - Level 4.9 Poison Magic
 + Level 1.9 Invocations


You had 9 spell levels left.
You knew the following spells:

 Your Spells              Type           Power      Damage    Failure   Level
e - Beastly Appendage     Tmut           32%        N/A       3%          1
i - Spider Form           Tmut/Pois      9%         N/A       8%          3
o - Ice Form              Ice/Tmut       13%        N/A       43%         4

Your spell library contained the following spells:

 Spells                   Type           Power      Damage    Failure   Level
 Wereblood                Tmut           16%        N/A       4%          2
 Hydra Form               Tmut           8%         N/A       67%         5

Inventory:

Missiles
 d - 213 stones
 e - 7 javelins
 m - 14 poisoned darts
 s - 7 boomerangs
 w - a curare-tipped dart {=f}
Armour
 a - a +0 robe (melded)
 f - a +0 buckler
 p - a +2 cloak (melded)
 v - a +0 leather armour
Jewellery
 H - an amulet of faith (around neck) {!P}
 I - a +6 ring of intelligence (left front paw)
 R - a ring of resist corrosion (right front paw)
Wands
 k - a wand of iceblast (5)
 n - a wand of charming (4)
 q - a wand of polymorph (11)
Scrolls
 c - a scroll of holy word {unknown}
 g - a scroll of fear {unknown}
 h - 4 scrolls of amnesia {unknown}
 i - 2 scrolls of immolation {!r}
 j - 2 scrolls of blinking
 o - a scroll of summoning {unknown}
 u - a scroll of vulnerability {unknown}
 y - a scroll of magic mapping
Potions
 l - 2 potions of haste {unknown}
 x - a potion of magic {unknown}

Dungeon Overview and Level Annotations

Branches:
Dungeon (9/15)             Temple (1/1) D:7
   Lair: D:8-11         Orc: D:9-12

Altars:
Ashenzari
Cheibriados
Elyvilon
Gozag
Hepliaklqana
Kikubaaqudgha
Makhleb
Nemelex Xobeh
Okawaru
Qazlal
Ru
Sif Muna
Trog
Uskayaw
Vehumet
Wu Jian
Yredelemnul
Zin
The Shining One

Annotations:
D:4 Grinder

#.............
#.............
#.............
#.............
#.............
#.............
#.....y.......
#.....Yy......
#......y......
#.............
#............. ####
#...###########...#
#.........#...#...# .
#.........#...#...# ..
#...#..#####..#..####..
#...#...#..............


You could see 3 killer bees.


Message History

There was something very wrong with that liquid.
You feel weakened.
You feel dopey.
You feel clumsy.
* * * LOW HITPOINT WARNING * * *
You feel extremely sick. The killer bee closely misses you.
The killer bee stings you!
* * * LOW HITPOINT WARNING * * *
The killer bee completely misses you. The killer bee closely misses you.
The killer bee stings you.
* * * LOW HITPOINT WARNING * * *
The killer bee stings you.
* * * LOW HITPOINT WARNING * * *
Unknown command.
It was a potion of flight.
You feel very buoyant.
You fly up into the air.
* * * LOW HITPOINT WARNING * * *
You feel very sick.
The killer bee stings you but does no damage. x2
The killer bee completely misses you.
The killer bee stings you but does no damage.
The killer bee stings you.
* * * LOW HITPOINT WARNING * * *
The killer bee closely misses you.
Unknown command.
Unknown command.
It was a potion of berserk rage.
A red film seems to cover your vision as you go berserk!
Cheibriados protects you from inadvertent hurry.
You feel mighty!
You die...

Skill      XL: |  1  2  3  4  5  6  7  8  9 10 |
---------------+-------------------------------+-----
Transmutations | 3 |  3.4
Poison Magic   | 2 4 |  4.9
Spellcasting   | 3 4 |  4.1
Dodging        | 2 3 5 8 |  8.2
Fighting       | 3 4 |  4.0
Unarmed Combat | 4 6 7 |  7.0
Ice Magic      | 1 |  1.7
Invocations    | 1 |  1.9

Action                   |  1- 3 |  4- 6 |  7- 9 | 10-12 || total
-------------------------+-------+-------+-------+-------++-------
Melee: Unarmed           |    56 |   180 |   228 |    24 ||   488
       Headbutt          |     5 |     5 |       |       ||    10
Throw: Dart              |       |     1 |       |       ||     1
       Boomerang         |       |       |     3 |       ||     3
 Cast: Beastly Appendage |     9 |    10 |       |       ||    19
       Spider Form       |     2 |    18 |    36 |     3 ||    59
       Ice Form          |       |       |       |     1 ||     1
 Abil: Spit Poison       |    18 |    26 |    14 |     1 ||    59
       End Transformatio |       |    12 |    16 |     2 ||    30
Evoke: Wand              |       |       |     8 |       ||     8
  Use: Scroll            |       |     4 |     5 |       ||     9
       Potion            |       |     4 |       |     3 ||     7
 Stab: Sleeping          |       |     1 |     1 |       ||     2
       Invisible         |       |       |     1 |       ||     1
Armor: Robe              |     4 |    18 |    11 |     1 ||    34
       Skin              |       |     3 |     9 |    15 ||    27
Dodge: Dodged            |    32 |   128 |   239 |    42 ||   441

Levels and vault maps discovered:
D:1:      tarquinn_simple_flora_water_b, layout_loops_cross, chequers_garden
D:2:      layout_basic, hellmonk_ecumenical_altar_pennies_from_heaven,
          guppyfry_early_orc_mine
D:3:      minmay_inner_zag, layout_loops_ring, nemelex_xobeh_ov_fountains_minmay
D:4:      layout_basic, grunt_temple_overflow_cloverleaf, serial_park_tiny_2,
          kennysheep_generic_room_14, uniq_grinder
D:5:      layout_loops_corners, nicolae_ru_great_annihilating_truth,
          uniq_crazy_yiuf_cottage, uniq_pikel, uniq_prince_ribbit1,
          uniq_blork_the_orc
D:6:      layout_cave_pools, cheibrodos_sewer_entry_bend,
          kennysheep_generic_room_2
D:7:      layout_gridville, elyvilon_altar_1, minmay_temple_entry_stoned_glass
D:8:      layout_basic, uniq_psyche
D:9:      layout_grid_maze, xom_shifter_show, david_lair_shrubbed
Temple:   eino_narrow_crystal_temple

Notes
Turn   | Place    | Note
-------+----------+-------------------------------------------
     0 | D:1      | agentchuck the Naga Transmuter began the quest for the Orb.
     0 | D:1      | Reached XP level 1. HP: 18/18 MP: 3/3
    23 | D:1      | Reached XP level 2. HP: 13/25 MP: 3/5
   215 | D:2      | Reached skill level 3 in Transmutations
   374 | D:2      | Reached XP level 3. HP: 22/31 MP: 4/6
   378 | D:2      | Learned a level 3 spell: Spider Form
   426 | D:2      | Reached skill level 1 in Poison Magic
   482 | D:2      | Reached skill level 2 in Poison Magic
   769 | D:2      | Found a faded altar of an unknown god.
   793 | D:2      | Reached XP level 4. HP: 31/38 MP: 7/7
   817 | D:2      | Reached skill level 3 in Poison Magic
   829 | D:2      | Reached skill level 4 in Poison Magic
   829 | D:2      | Reached XP level 5. HP: 23/44 MP: 4/8
  1064 | D:3      | Learned a level 4 spell: Ice Form
  1561 | D:3      | Found a sparkling altar of Nemelex Xobeh.
  1876 | D:4      | Noticed Grinder
  1879 | D:4      | Paralysed by Grinder for 4 turns
  2075 | D:4      | Reached skill level 3 in Spellcasting
  2094 | D:4      | Reached XP level 6. HP: 28/51 MP: 5/10
  2185 | D:4      | Noticed a black bear
  2205 | D:4      | Killed a black bear
  2206 | D:4      | Reached skill level 4 in Spellcasting
  2350 | D:4      | Found a glowing golden altar of the Shining One.
  2350 | D:4      | Found a hide-covered altar of Uskayaw.
  2350 | D:4      | Found a broken altar of Ashenzari.
  2353 | D:4      | Found an ornate altar of the Wu Jian Council.
  2610 | D:5      | Entered Level 5 of the Dungeon
  2739 | D:5      | HP: 2/51 [acid (5)]
  2743 | D:5      | Reached skill level 2 in Dodging
  2748 | D:5      | HP: 4/52 [howler monkey skeleton (6)]
  2769 | D:5      | Reached XP level 7. HP: 9/58 MP: 9/13
  3045 | D:5      | Reached skill level 2 in Fighting
  3228 | D:5      | Noticed Prince Ribbit
  3244 | D:5      | Killed Prince Ribbit
  3245 | D:5      | Reached skill level 3 in Fighting
  3245 | D:5      | Reached skill level 4 in Unarmed Combat
  3286 | D:5      | Reached skill level 3 in Dodging
  3555 | D:5      | Found a sacrificial altar of Ru.
  3555 | D:5      | Noticed Pikel
  3627 | D:5      | Reached XP level 8. HP: 45/69 MP: 11/14
  3728 | D:5      | Noticed Blork the orc
  3737 | D:5      | Killed Blork the orc
  3798 | D:5      | Reached skill level 4 in Fighting
  3798 | D:5      | Reached skill level 5 in Unarmed Combat
  3866 | D:5      | Killed Pikel
  3867 | D:5      | Reached skill level 4 in Dodging
  3867 | D:5      | Reached skill level 6 in Unarmed Combat
  3872 | D:5      | Found a runed translucent door.
  3873 | D:5      | Noticed Crazy Yiuf
  3880 | D:5      | Killed Crazy Yiuf
  4117 | D:5      | Reached skill level 5 in Dodging
  4158 | D:5      | Reached XP level 9. HP: 28/78 MP: 15/15
  4574 | D:6      | Reached skill level 6 in Dodging
  4622 | D:6      | Reached skill level 7 in Unarmed Combat
  5041 | D:7      | Found a white marble altar of Elyvilon.
  5063 | D:7      | Reached skill level 7 in Dodging
  5107 | D:7      | Found a staircase to the Ecumenical Temple.
  5132 | Temple   | Entered the Ecumenical Temple
  5219 | Temple   | Became a worshipper of Cheibriados the Contemplative
  5596 | D:8      | Noticed Psyche
  5606 | D:8      | Killed Psyche
  5607 | D:8      | Reached skill level 8 in Dodging
  5786 | D:9      | Reached XP level 10. HP: 67/83 MP: 12/16
  5819 | D:9      | Reached skill level 1 in Ice Magic
  5819 | D:9      | Reached skill level 1 in Invocations
  5937 | D:9      | HP: 7/102 [killer bee (6)]
  5938 | D:9      | HP: 2/102 [poisoned by a killer bee]
  5939 | D:9      | Succumbed to a killer bee's poison

Vanquished Creatures
  Pikel (D:5)
  Psyche (D:8)
  Prince Ribbit (D:5)
  2 steam dragons
  2 water moccasins
  An orc warrior (D:9)
  2 black bears
  An ice beast (D:7)
  2 ogres (D:5)
  4 lemures (D:5)
  A kobold brigand (D:8)
  Blork the orc (D:5)
  3 bullfrogs
  2 scorpions (D:6)
  2 wyvern skeletons (D:6)
  A wight (D:9)
  5 killer bees
  2 jellies
  5 orc priests
  5 hounds
  Crazy Yiuf (D:5)
  2 centaur skeletons
  3 iguanas
  2 orc wizards
  A hound zombie (D:5)
  A hound skeleton (D:4)
  A howler monkey zombie (D:7)
  A howler monkey skeleton (D:5)
  8 adders
  3 white imps
  An ufetubus (D:4)
  An adder skeleton (D:4)
  An adder zombie (D:5)
  3 worms
  A dart slug (D:3)
  22 orcs
  4 bats (D:3)
  6 endoplasms
  4 giant cockroaches
  9 goblins
  9 hobgoblins
  A jackal (D:3)
  2 quokkas
  4 ball pythons
  8 kobolds
  3 rats
146 creatures vanquished.

Vanquished Creatures (collateral kills)
  A phantom (D:5)
1 creature vanquished.

Vanquished Creatures (others)
  A kobold (D:8)
1 creature vanquished.

Grand Total: 148 creatures vanquished

Table legend: (Time is in decaauts)
 A = Elapsed time spent in this place.
 B = Non-inter-level travel time spent in this place.
 C = Inter-level travel time spent in this place.
 D = Time resting spent in this place.
 E = Time spent auto-exploring this place.
 F = Levels seen in this place.
 G = Mean time per level.
                   A        B        C        D        E       F      G
               +--------+--------+--------+--------+--------+-----+--------+
         Total |   7334 |   6590 |    744 |   1309 |      0 |  10 |  733.4 |
       Dungeon |   7192 |   6472 |    720 |   1309 |      0 |   9 |  799.1 |
        Temple |    141 |    117 |     24 |      0 |      0 |   1 |  141.0 |
               +--------+--------+--------+--------+--------+-----+--------+

Top non-repeatable levels by time:
     D:5: 1980 daAuts
     D:3: 1190 daAuts
     D:2: 1090 daAuts
     D:4: 703 daAuts
     D:7: 661 daAuts
     D:6: 641 daAuts
     D:8: 451 daAuts
     D:9: 299 daAuts
     D:1: 174 daAuts
  Temple: 141 daAuts

Table legend:
 A = Non-vault XP
 B = Vault XP
 C = Vault XP percentage of total XP
 D = Non-vault monster count
 E = Vault monster count
 F = Vault count percentage of total count
                 A         B        C        D         E       F
            +---------+---------+-------+---------+---------+-------
      Total |    3603 |    1393 |  27.9 |     119 |      24 |  16.8
            +---------+---------+-------+---------+---------+-------
        D:1 |      14 |       0 |   0.0 |       2 |       0 |   0.0
        D:2 |     157 |      17 |   9.8 |      21 |       7 |  25.0
        D:3 |      58 |      25 |  30.1 |      17 |       6 |  26.1
        D:4 |     290 |       0 |   0.0 |      20 |       0 |   0.0
        D:5 |     779 |     960 |  55.2 |      17 |       8 |  32.0
        D:6 |    1137 |       8 |   0.7 |      23 |       2 |   8.0
        D:7 |     574 |       0 |   0.0 |       6 |       0 |   0.0
        D:8 |     204 |     383 |  65.2 |       7 |       1 |  12.5
        D:9 |     390 |       0 |   0.0 |       6 |       0 |   0.0
            +---------+---------+-------+---------+---------+-------
